[ PARTIDA AOE2 · #465227341 ]
UnrankedCoreanos vs Slavs
[ ANÁLISIS DE REPETICIÓN · EXTRAÍDO DE LA PARTIDA GRABADA ]
Feudal
10:39
Castillos
26:39
Imperial
42:50
| APM promedio | 29.5 |
| APM pico | 54 |
| eAPM promedio | 16.1 |
| Aldeanos / militares | 87 / 58 |
Foco
⚔️ 37.5% · 🌾 62.5%
War Wagon ×30 · Archer ×22 · Iron Pagoda ×4 · Trebuchet (Packed) ×2
Feudal
10:54
Castillos
21:45
Imperial
33:42
| APM promedio | 58.0 |
| APM pico | 108 |
| eAPM promedio | 31.6 |
| Aldeanos / militares | 208 / 114 |
Foco
⚔️ 50.2% · 🌾 49.8%
Archer ×109 · Unknown (1942) ×15 · Spearman ×4 · Mangonel ×1 · Trade Cart ×1
Feudal
13:27
Castillos
17:07
Imperial
36:03
| APM promedio | 41.3 |
| APM pico | 81 |
| eAPM promedio | 25.5 |
| Aldeanos / militares | 205 / 65 |
Foco
⚔️ 19.5% · 🌾 80.5%
Scorpion ×46 · Battering Ram ×13 · Boyar ×3 · Trebuchet (Packed) ×2 · Monk ×1
Feudal
12:59
Castillos
25:32
Imperial
—
| APM promedio | 69.7 |
| APM pico | 95 |
| eAPM promedio | 35.2 |
| Aldeanos / militares | 191 / 34 |
Foco
⚔️ 29.8% · 🌾 70.2%
Skirmisher ×25 · Mangonel ×7 · Ratha (Ranged) ×2
Feudal
11:21
Castillos
24:50
Imperial
—
| APM promedio | 53.3 |
| APM pico | 107 |
| eAPM promedio | 28.3 |
| Aldeanos / militares | 85 / 36 |
Foco
⚔️ 49.1% · 🌾 50.9%
Skirmisher ×27 · Scout Cavalry ×7 · Cavalry Archer ×2
Feudal
13:27
Castillos
17:22
Imperial
37:44
| APM promedio | 45.0 |
| APM pico | 95 |
| eAPM promedio | 21.6 |
| Aldeanos / militares | 203 / 29 |
Foco
⚔️ 26.1% · 🌾 73.9%
Conquistador ×24 · Missionary ×3 · Trebuchet (Packed) ×2
Mapa de la partida
Recursos iniciales + cada clic de construcción. Líneas = muros · curvas = relieve. ◆ oro · ⬟ piedra · ● bayas · ✦ reliquia · ◌ hueco del cierre
Tu base· Abierta — hueco de 7t
Base de Celtinho V· Abierta — hueco de 7t
Base de VENÓN | MX· Abierta — hueco de 13t
Base de TheFaceless23· Abierta — flanco sin cerrar
Base de VENÓN | El Claut_One· Abierta — hueco de 14t
Base de [GDL] Botsito Industrial· Abierta — hueco de 6t
Terreno inicial suavizado · ◌ = hueco del cierre detectado · pasá el cursor para detalles
Inputs por minuto
— [GDL] ANCHO - - Celtinho V
Build order — [GDL] ANCHO
Primeras 150 de 225 acciones detectadas
| 0:10 | Construir | Town Center |
| 0:40 | Construir | Lumber Camp |
| 0:47 | Construir | House |
| 0:49 | Construir | House |
| 0:51 | Construir | Palisade Wall |
| 2:38 | Crear | Villager (Male) ×4 |
| 3:54 | Crear | Villager (Male) |
| 4:13 | Crear | Villager (Male) |
| 4:38 | Crear | Villager (Male) |
| 5:18 | Crear | Villager (Male) |
| 5:33 | Crear | Villager (Male) |
| 6:02 | Construir | House |
| 6:03 | Crear | Villager (Male) |
| 6:33 | Crear | Villager (Male) |
| 7:01 | Crear | Villager (Male) |
| 7:21 | Crear | Villager (Male) |
| 7:44 | Construir | Mining Camp |
| 7:55 | Investigar | Loom |
| 8:29 | Investigar | Feudal Age |
| 9:04 | Construir | Lumber Camp |
| 9:28 | Construir | House |
| 9:30 | Construir | Palisade Wall |
| 9:31 | Construir | Palisade Wall |
| 9:57 | Crear | Villager (Male) |
| 10:16 | Construir | Barracks |
| 10:23 | Crear | Villager (Male) |
| 10:39 | Edad | Edad Feudal |
| 11:02 | Construir | Archery Range |
| 11:04 | Crear | Villager (Male) |
| 11:17 | Construir | House |
| 11:29 | Crear | Villager (Male) |
| 11:41 | Crear | Archer |
| 11:42 | Crear | Archer |
| 11:58 | Construir | House |
| 12:00 | Crear | Archer |
| 12:14 | Crear | Villager (Male) |
| 12:32 | Construir | Watch Tower |
| 12:39 | Crear | Archer |
| 12:40 | Crear | Villager (Male) |
| 12:58 | Crear | Archer |
| 13:28 | Crear | Villager (Male) |
| 13:42 | Crear | Archer |
| 14:15 | Crear | Villager (Male) |
| 14:47 | Crear | Villager (Male) |
| 15:14 | Crear | Archer |
| 15:14 | Crear | Archer |
| 15:18 | Crear | Villager (Male) |
| 15:45 | Construir | House |
| 15:51 | Crear | Villager (Male) |
| 15:54 | Construir | Blacksmith |
| 16:17 | Crear | Archer |
| 16:18 | Crear | Archer |
| 16:25 | Construir | Mill |
| 16:26 | Crear | Villager (Male) |
| 16:37 | Crear | Villager (Male) |
| 17:48 | Crear | Villager (Male) |
| 18:05 | Crear | Archer |
| 18:06 | Crear | Archer |
| 18:10 | Construir | House |
| 18:24 | Crear | Villager (Male) |
| 18:31 | Construir | Mining Camp |
| 18:36 | Crear | Archer |
| 18:45 | Construir | Farm |
| 18:46 | Construir | Farm |
| 18:49 | Construir | House |
| 19:00 | Crear | Villager (Male) |
| 19:01 | Crear | Archer |
| 19:21 | Construir | Farm |
| 19:21 | Construir | Farm |
| 19:22 | Construir | Farm |
| 19:27 | Construir | Palisade Gate |
| 19:29 | Construir | Farm |
| 19:31 | Construir | House |
| 19:43 | Construir | Farm |
| 20:02 | Crear | Villager (Male) |
| 20:02 | Crear | Villager (Male) |
| 20:08 | Investigar | Fletching |
| 20:20 | Construir | Lumber Camp |
| 20:33 | Construir | Watch Tower |
| 20:42 | Crear | Villager (Male) |
| 20:46 | Construir | House |
| 20:55 | Construir | Farm |
| 20:55 | Crear | Archer |
| 20:56 | Crear | Archer |
| 21:01 | Crear | Villager (Male) |
| 21:19 | Crear | Villager (Male) |
| 21:23 | Construir | Farm |
| 21:27 | Crear | Archer |
| 21:47 | Crear | Villager (Male) |
| 22:01 | Construir | Market |
| 22:06 | Crear | Villager (Male) |
| 22:09 | Crear | Archer |
| 23:03 | Crear | Villager (Male) |
| 23:59 | Investigar | Castle Age |
| 24:24 | Crear | Archer |
| 24:28 | Crear | Archer |
| 25:17 | Crear | Archer |
| 25:32 | Crear | Archer |
| 26:39 | Edad | Edad de los Castillos |
| 26:43 | Construir | Castle |
| 27:15 | Crear | Villager (Male) |
| 27:17 | Investigar | Bodkin Arrow |
| 27:27 | Crear | War Wagon |
| 27:27 | Crear | War Wagon |
| 27:41 | Crear | War Wagon |
| 27:46 | Construir | Mining Camp |
| 27:49 | Crear | Villager (Male) |
| 27:52 | Construir | Siege Workshop |
| 27:56 | Investigar | Thumb Ring |
| 28:10 | Construir | Town Center |
| 28:14 | Crear | Villager (Male) |
| 28:26 | Crear | War Wagon |
| 28:38 | Crear | War Wagon |
| 28:39 | Crear | Villager (Male) |
| 28:42 | Construir | University |
| 29:08 | Crear | Iron Pagoda |
| 29:14 | Crear | Villager (Male) |
| 29:18 | Construir | Mining Camp |
| 29:19 | Crear | Villager (Male) |
| 29:27 | Investigar | Double-Bit Axe |
| 29:38 | Investigar | Town Watch |
| 29:42 | Crear | Villager (Male) |
| 29:47 | Crear | Villager (Male) |
| 30:25 | Crear | Villager (Male) |
| 30:32 | Crear | Villager (Male) |
| 30:34 | Construir | Farm |
| 30:48 | Crear | Villager (Male) |
| 30:52 | Investigar | Ballistics |
| 30:59 | Crear | Villager (Male) |
| 31:06 | Crear | War Wagon |
| 31:30 | Crear | Villager (Male) |
| 31:37 | Crear | Villager (Male) |
| 32:01 | Crear | Villager (Male) |
| 32:04 | Construir | Farm |
| 32:16 | Crear | Villager (Male) |
| 32:34 | Crear | Villager (Male) |
| 32:43 | Investigar | Bow Saw |
| 32:44 | Crear | Villager (Male) |
| 32:51 | Construir | Town Center |
| 33:03 | Crear | Iron Pagoda |
| 33:08 | Crear | Villager (Male) |
| 33:14 | Crear | Villager (Male) |
| 33:27 | Crear | Villager (Male) |
| 33:37 | Crear | Villager (Male) |
| 34:02 | Crear | Villager (Male) |
| 34:11 | Crear | Villager (Male) |
| 34:17 | Construir | Castle |
| 34:18 | Construir | Mining Camp |
| 34:28 | Construir | Farm |
| 34:29 | Construir | Farm |
Build order — Celtinho V
Primeras 150 de 439 acciones detectadas
| 0:02 | Construir | Town Center |
| 0:18 | Construir | Lumber Camp |
| 1:08 | Construir | House |
| 1:09 | Construir | House |
| 2:29 | Crear | Villager (Male) |
| 2:38 | Crear | Villager (Male) |
| 2:38 | Crear | Villager (Male) |
| 2:43 | Crear | Villager (Male) |
| 3:27 | Crear | Villager (Male) |
| 3:27 | Crear | Villager (Male) |
| 4:06 | Crear | Villager (Male) |
| 4:37 | Construir | Lumber Camp |
| 4:50 | Crear | Villager (Male) |
| 5:10 | Crear | Villager (Male) |
| 5:15 | Construir | Palisade Wall |
| 5:39 | Crear | Villager (Male) |
| 5:40 | Crear | Villager (Male) |
| 5:50 | Construir | House |
| 5:59 | Crear | Villager (Male) |
| 6:30 | Crear | Villager (Male) |
| 6:30 | Crear | Villager (Male) |
| 6:33 | Construir | Palisade Wall |
| 6:40 | Construir | Palisade Wall |
| 6:45 | Construir | Palisade Wall |
| 6:49 | Construir | Palisade Wall |
| 6:52 | Construir | Palisade Wall |
| 6:59 | Crear | Villager (Male) |
| 7:01 | Crear | Villager (Male) |
| 7:08 | Crear | Villager (Male) |
| 8:00 | Construir | Mill |
| 8:14 | Investigar | Loom |
| 8:44 | Investigar | Feudal Age |
| 10:30 | Construir | Barracks |
| 10:32 | Crear | Villager (Male) |
| 10:50 | Construir | House |
| 10:54 | Edad | Edad Feudal |
| 10:56 | Crear | Villager (Male) |
| 10:58 | Investigar | Double-Bit Axe |
| 11:17 | Crear | Villager (Male) |
| 11:24 | Crear | Villager (Male) |
| 11:36 | Construir | Archery Range |
| 11:38 | Crear | Villager (Male) |
| 11:57 | Construir | House |
| 11:59 | Construir | Palisade Wall |
| 12:10 | Construir | Palisade Wall |
| 12:10 | Crear | Villager (Male) |
| 12:11 | Crear | Villager (Male) |
| 12:14 | Construir | House |
| 12:26 | Crear | Spearman |
| 12:28 | Crear | Archer |
| 12:47 | Construir | House |
| 12:51 | Construir | Palisade Wall |
| 12:52 | Construir | Palisade Wall |
| 12:53 | Construir | Palisade Wall |
| 12:54 | Crear | Villager (Male) |
| 12:56 | Construir | House |
| 12:57 | Crear | Archer |
| 13:11 | Crear | Villager (Male) |
| 13:17 | Crear | Archer |
| 13:30 | Construir | Mill |
| 13:33 | Crear | Spearman |
| 13:34 | Crear | Villager (Male) |
| 13:58 | Crear | Archer |
| 13:58 | Crear | Villager (Male) |
| 14:09 | Crear | Archer |
| 14:10 | Crear | Archer |
| 14:20 | Crear | Villager (Male) |
| 14:26 | Construir | Blacksmith |
| 14:26 | Crear | Villager (Male) |
| 14:41 | Crear | Spearman |
| 14:47 | Crear | Villager (Male) |
| 14:51 | Crear | Archer ×2 |
| 14:51 | Crear | Villager (Male) |
| 14:58 | Construir | House |
| 15:05 | Crear | Villager (Male) |
| 15:10 | Investigar | Fletching |
| 15:15 | Crear | Villager (Male) |
| 15:19 | Construir | House |
| 15:22 | Construir | House |
| 15:28 | Crear | Villager (Male) |
| 15:38 | Crear | Villager (Male) |
| 15:48 | Construir | Mill |
| 15:52 | Crear | Spearman |
| 15:53 | Crear | Archer |
| 15:54 | Crear | Villager (Male) |
| 16:00 | Crear | Villager (Male) |
| 16:03 | Crear | Archer |
| 16:16 | Crear | Villager (Male) |
| 16:18 | Construir | House |
| 16:23 | Crear | Archer |
| 16:36 | Crear | Villager (Male) |
| 16:49 | Crear | Villager (Male) |
| 17:01 | Crear | Villager (Male) |
| 17:03 | Construir | Market |
| 17:11 | Crear | Villager (Male) |
| 17:24 | Crear | Villager (Male) |
| 17:28 | Crear | Villager (Male) |
| 17:29 | Crear | Archer ×3 |
| 17:32 | Construir | House |
| 17:43 | Crear | Villager (Male) |
| 17:51 | Crear | Villager (Male) |
| 18:03 | Crear | Villager (Male) |
| 18:05 | Crear | Villager (Male) |
| 18:24 | Crear | Villager (Male) |
| 18:37 | Crear | Villager (Male) |
| 18:37 | Crear | Villager (Male) |
| 18:38 | Crear | Villager (Male) |
| 18:44 | Crear | Villager (Male) |
| 19:05 | Investigar | Castle Age |
| 19:07 | Crear | Archer ×2 |
| 19:38 | Crear | Archer |
| 20:11 | Investigar | Horse Collar |
| 21:13 | Crear | Archer ×5 |
| 21:45 | Edad | Edad de los Castillos |
| 21:46 | Crear | Villager (Male) |
| 21:47 | Investigar | Bodkin Arrow |
| 21:52 | Investigar | Crossbowman (upgrade) |
| 21:53 | Crear | Villager (Male) |
| 21:56 | Investigar | Bow Saw |
| 21:57 | Crear | Villager (Male) |
| 21:57 | Crear | Villager (Male) |
| 21:58 | Crear | Villager (Male) |
| 21:58 | Crear | Villager (Male) |
| 22:03 | Construir | Town Center |
| 22:09 | Crear | Villager (Male) |
| 22:11 | Crear | Villager (Male) |
| 22:16 | Investigar | Wheelbarrow |
| 22:30 | Crear | Villager (Male) |
| 22:37 | Construir | Town Center |
| 22:39 | Crear | Villager (Male) |
| 22:52 | Crear | Villager (Male) |
| 22:55 | Crear | Archer |
| 23:05 | Crear | Villager (Male) |
| 23:26 | Crear | Villager (Male) |
| 23:30 | Construir | University |
| 23:35 | Crear | Villager (Male) |
| 23:52 | Crear | Villager (Male) |
| 24:09 | Crear | Villager (Male) |
| 24:14 | Crear | Villager (Male) |
| 24:15 | Crear | Villager (Male) |
| 24:19 | Crear | Villager (Male) |
| 24:33 | Construir | Mill |
| 24:55 | Investigar | Ballistics |
| 24:55 | Crear | Villager (Male) |
| 24:56 | Crear | Villager (Male) |
| 24:58 | Construir | Farm |
| 24:59 | Construir | Farm |
| 25:04 | Construir | Farm |
| 25:10 | Crear | Villager (Male) |
| 25:10 | Crear | Villager (Male) |
Build order — VENÓN | MX
Primeras 150 de 434 acciones detectadas
| 0:36 | Construir | Town Center |
| 0:50 | Construir | Lumber Camp |
| 1:35 | Construir | House |
| 2:57 | Crear | Villager (Male) ×4 |
| 4:09 | Crear | Villager (Male) |
| 4:37 | Crear | Villager (Male) |
| 5:00 | Crear | Villager (Male) |
| 5:04 | Construir | House |
| 5:37 | Crear | Villager (Male) |
| 6:08 | Crear | Villager (Male) |
| 6:34 | Crear | Villager (Male) |
| 6:34 | Crear | Villager (Male) |
| 6:42 | Construir | House |
| 6:58 | Construir | House |
| 7:17 | Construir | House |
| 7:20 | Crear | Villager (Male) |
| 7:22 | Crear | Villager (Male) |
| 7:56 | Crear | Villager (Male) |
| 8:24 | Crear | Villager (Male) |
| 8:24 | Crear | Villager (Male) |
| 8:24 | Crear | Villager (Male) |
| 8:36 | Construir | House |
| 8:37 | Construir | House |
| 9:01 | Construir | Mill |
| 9:09 | Crear | Villager (Male) |
| 9:54 | Crear | Villager (Male) |
| 9:55 | Crear | Villager (Male) |
| 10:07 | Construir | Mining Camp |
| 10:39 | Investigar | Loom |
| 11:04 | Investigar | Feudal Age |
| 11:34 | Construir | House |
| 12:19 | Construir | Palisade Wall |
| 12:22 | Construir | Palisade Wall |
| 12:38 | Construir | Palisade Wall |
| 13:01 | Construir | Palisade Wall |
| 13:04 | Crear | Villager (Male) |
| 13:05 | Crear | Villager (Male) |
| 13:27 | Edad | Edad Feudal |
| 13:29 | Construir | Market |
| 13:31 | Construir | Blacksmith |
| 13:42 | Construir | Palisade Wall |
| 13:45 | Construir | Palisade Wall |
| 14:01 | Construir | Lumber Camp |
| 14:03 | Crear | Villager (Male) |
| 14:27 | Investigar | Castle Age |
| 15:45 | Investigar | Double-Bit Axe |
| 15:45 | Investigar | Double-Bit Axe |
| 16:08 | Construir | Palisade Wall |
| 16:56 | Crear | Villager (Male) |
| 17:07 | Edad | Edad de los Castillos |
| 17:10 | Construir | Town Center |
| 17:12 | Investigar | Bow Saw |
| 17:32 | Construir | Town Center |
| 17:35 | Crear | Villager (Male) |
| 17:35 | Crear | Villager (Male) |
| 18:06 | Crear | Villager (Male) |
| 18:16 | Construir | Mill |
| 18:28 | Crear | Villager (Male) |
| 18:46 | Crear | Villager (Male) |
| 18:51 | Construir | Farm |
| 18:52 | Construir | Farm |
| 18:55 | Construir | Farm |
| 18:56 | Construir | Farm |
| 19:05 | Construir | Palisade Wall |
| 19:12 | Crear | Villager (Male) |
| 19:12 | Crear | Villager (Male) |
| 19:17 | Construir | Farm |
| 19:32 | Crear | Villager (Male) |
| 20:00 | Construir | Town Center |
| 20:07 | Crear | Villager (Male) |
| 20:11 | Construir | Farm |
| 20:12 | Construir | Farm |
| 20:16 | Construir | Farm |
| 20:17 | Construir | Farm |
| 20:37 | Construir | House |
| 20:38 | Crear | Villager (Male) |
| 20:59 | Construir | Farm |
| 21:01 | Crear | Villager (Male) |
| 21:01 | Crear | Villager (Male) |
| 21:25 | Crear | Villager (Male) |
| 21:25 | Crear | Villager (Male) |
| 21:37 | Construir | Farm |
| 21:40 | Crear | Villager (Male) |
| 21:40 | Crear | Villager (Male) |
| 21:53 | Crear | Villager (Male) |
| 21:55 | Construir | House |
| 22:00 | Construir | Lumber Camp |
| 22:06 | Crear | Villager (Male) |
| 22:10 | Construir | Farm |
| 22:12 | Crear | Villager (Male) |
| 22:13 | Crear | Villager (Male) |
| 22:21 | Construir | Town Center |
| 22:24 | Crear | Villager (Male) |
| 22:32 | Construir | Siege Workshop |
| 22:37 | Crear | Villager (Male) |
| 22:48 | Construir | Mining Camp |
| 22:50 | Crear | Scorpion |
| 22:54 | Construir | House |
| 22:57 | Crear | Villager (Male) |
| 23:03 | Crear | Villager (Male) |
| 23:04 | Crear | Villager (Male) |
| 23:19 | Crear | Scorpion |
| 23:21 | Crear | Villager (Male) |
| 23:24 | Construir | House |
| 23:33 | Construir | House |
| 23:35 | Crear | Villager (Male) |
| 23:35 | Crear | Villager (Male) |
| 23:35 | Crear | Villager (Male) |
| 23:35 | Crear | Villager (Male) |
| 23:39 | Crear | Villager (Male) |
| 23:50 | Crear | Scorpion |
| 23:52 | Crear | Villager (Male) |
| 24:08 | Construir | House |
| 24:09 | Crear | Villager (Male) |
| 24:12 | Construir | Farm |
| 24:19 | Crear | Villager (Male) |
| 24:20 | Crear | Villager (Male) |
| 24:35 | Crear | Villager (Male) |
| 24:41 | Crear | Scorpion |
| 24:42 | Crear | Villager (Male) |
| 24:58 | Crear | Villager (Male) |
| 25:02 | Crear | Scorpion |
| 25:06 | Construir | Farm |
| 25:07 | Crear | Villager (Male) |
| 25:08 | Crear | Villager (Male) |
| 25:08 | Crear | Villager (Male) |
| 25:18 | Construir | Castle |
| 25:22 | Crear | Villager (Male) |
| 25:23 | Crear | Villager (Male) |
| 25:26 | Construir | Farm |
| 25:27 | Construir | Farm |
| 25:29 | Construir | Farm |
| 25:31 | Construir | Farm |
| 25:39 | Construir | House |
| 25:57 | Crear | Villager (Male) |
| 25:58 | Crear | Villager (Male) |
| 25:58 | Crear | Villager (Male) |
| 26:03 | Construir | Farm |
| 26:05 | Construir | Farm |
| 26:05 | Crear | Villager (Male) |
| 26:08 | Construir | House |
| 26:13 | Crear | Scorpion |
| 26:16 | Crear | Villager (Male) |
| 26:24 | Investigar | Wheelbarrow |
| 26:25 | Crear | Villager (Male) |
| 26:33 | Crear | Scorpion |
| 26:35 | Construir | House |
| 26:36 | Crear | Villager (Male) |
| 26:59 | Construir | Monastery |
| 27:02 | Crear | Villager (Male) |
Build order — TheFaceless23
Primeras 150 de 354 acciones detectadas
| 0:11 | Construir | House |
| 0:42 | Construir | Town Center |
| 2:53 | Crear | Villager (Male) |
| 2:53 | Crear | Villager (Male) |
| 2:53 | Crear | Villager (Male) |
| 2:55 | Crear | Villager (Male) |
| 3:54 | Crear | Villager (Male) |
| 4:17 | Crear | Villager (Male) |
| 4:33 | Crear | Villager (Male) |
| 4:47 | Construir | Lumber Camp |
| 4:54 | Construir | Lumber Camp |
| 5:05 | Crear | Villager (Male) |
| 5:20 | Crear | Villager (Male) |
| 5:40 | Construir | House |
| 5:42 | Construir | House |
| 5:43 | Investigar | Loom |
| 5:44 | Crear | Villager (Male) |
| 5:44 | Crear | Villager (Male) |
| 5:59 | Crear | Villager (Male) |
| 6:01 | Crear | Villager (Male) |
| 6:20 | Crear | Villager (Male) |
| 6:56 | Crear | Villager (Male) |
| 7:08 | Crear | Villager (Male) |
| 7:14 | Construir | House |
| 7:18 | Construir | House |
| 7:31 | Construir | House |
| 7:36 | Crear | Villager (Male) |
| 7:36 | Crear | Villager (Male) |
| 7:47 | Crear | Villager (Male) |
| 8:02 | Construir | Mill |
| 8:09 | Crear | Villager (Male) |
| 8:09 | Crear | Villager (Male) |
| 8:24 | Crear | Villager (Male) |
| 8:53 | Crear | Villager (Male) |
| 8:53 | Crear | Villager (Male) |
| 8:58 | Crear | Villager (Male) |
| 9:08 | Crear | Villager (Male) |
| 9:14 | Construir | House |
| 9:16 | Construir | Palisade Wall |
| 9:33 | Construir | House |
| 9:34 | Construir | Palisade Wall |
| 9:40 | Crear | Villager (Male) |
| 9:47 | Construir | Palisade Wall |
| 9:53 | Crear | Villager (Male) |
| 9:53 | Crear | Villager (Male) |
| 9:53 | Crear | Villager (Male) |
| 10:06 | Construir | Mill |
| 10:14 | Construir | Mill |
| 10:49 | Investigar | Feudal Age |
| 10:59 | Construir | House |
| 11:00 | Construir | House |
| 11:01 | Crear | Villager (Male) |
| 11:15 | Construir | Palisade Wall |
| 11:16 | Crear | Villager (Male) |
| 11:16 | Crear | Villager (Male) |
| 11:20 | Construir | Palisade Wall |
| 11:35 | Crear | Villager (Male) |
| 11:42 | Crear | Villager (Male) |
| 12:36 | Construir | Barracks |
| 12:59 | Edad | Edad Feudal |
| 13:02 | Crear | Villager (Male) |
| 13:08 | Construir | Stone Wall |
| 13:09 | Construir | Stone Wall |
| 13:21 | Construir | Lumber Camp |
| 13:55 | Crear | Villager (Male) |
| 13:55 | Crear | Villager (Male) |
| 14:10 | Construir | Watch Tower |
| 14:15 | Crear | Villager (Male) |
| 14:19 | Crear | Villager (Male) |
| 15:09 | Construir | Archery Range |
| 15:36 | Construir | Mining Camp |
| 16:04 | Crear | Skirmisher |
| 16:04 | Crear | Skirmisher |
| 16:06 | Crear | Villager (Male) |
| 16:06 | Crear | Villager (Male) |
| 16:23 | Crear | Skirmisher |
| 16:24 | Construir | House |
| 16:31 | Construir | Farm |
| 16:41 | Construir | Farm |
| 16:41 | Crear | Villager (Male) |
| 16:52 | Crear | Villager (Male) |
| 16:58 | Construir | Mining Camp |
| 16:59 | Crear | Skirmisher |
| 17:05 | Crear | Villager (Male) |
| 17:05 | Crear | Villager (Male) |
| 17:11 | Crear | Skirmisher |
| 17:24 | Construir | Palisade Wall |
| 17:25 | Construir | Palisade Wall |
| 17:27 | Construir | Palisade Wall |
| 17:35 | Construir | Gate |
| 17:37 | Construir | House |
| 17:58 | Crear | Villager (Male) |
| 17:59 | Crear | Villager (Male) |
| 17:59 | Crear | Villager (Male) |
| 17:59 | Crear | Villager (Male) |
| 18:00 | Crear | Villager (Male) |
| 18:03 | Crear | Villager (Male) |
| 18:09 | Construir | Mill |
| 18:11 | Crear | Villager (Male) |
| 18:11 | Crear | Villager (Male) |
| 18:26 | Construir | House |
| 18:30 | Construir | Palisade Wall |
| 18:45 | Crear | Villager (Male) |
| 18:45 | Crear | Villager (Male) |
| 18:51 | Crear | Villager (Male) |
| 19:00 | Construir | Farm |
| 19:01 | Crear | Villager (Male) |
| 19:03 | Crear | Villager (Male) |
| 19:14 | Construir | Farm |
| 19:15 | Construir | House |
| 19:21 | Construir | Farm |
| 19:22 | Construir | Farm |
| 19:24 | Crear | Villager (Male) |
| 19:38 | Construir | Blacksmith |
| 19:41 | Construir | Palisade Wall |
| 19:42 | Crear | Villager (Male) |
| 19:52 | Construir | Farm |
| 20:02 | Crear | Skirmisher |
| 20:16 | Crear | Skirmisher |
| 20:30 | Crear | Villager (Male) |
| 20:42 | Crear | Skirmisher |
| 20:47 | Crear | Villager (Male) |
| 20:51 | Crear | Villager (Male) |
| 21:10 | Investigar | Fletching |
| 21:18 | Crear | Villager (Male) |
| 21:20 | Construir | Market |
| 21:26 | Construir | House |
| 21:35 | Crear | Skirmisher |
| 21:49 | Crear | Villager (Male) |
| 22:08 | Construir | Farm |
| 22:10 | Construir | Farm |
| 22:17 | Crear | Villager (Male) |
| 22:27 | Crear | Villager (Male) |
| 22:52 | Investigar | Castle Age |
| 23:04 | Construir | Mining Camp |
| 23:12 | Construir | Stone Wall |
| 23:24 | Crear | Villager (Male) |
| 23:25 | Crear | Skirmisher |
| 23:29 | Crear | Skirmisher |
| 23:30 | Crear | Skirmisher |
| 23:44 | Construir | Mill |
| 23:50 | Investigar | Double-Bit Axe |
| 23:50 | Investigar | Double-Bit Axe |
| 23:53 | Crear | Skirmisher |
| 23:59 | Crear | Villager (Male) |
| 24:18 | Crear | Skirmisher |
| 24:18 | Crear | Skirmisher |
| 24:29 | Investigar | Padded Archer Armor |
| 24:29 | Investigar | Padded Archer Armor |
| 24:39 | Crear | Skirmisher |
Build order — VENÓN | El Claut_One
Primeras 150 de 228 acciones detectadas
| 0:10 | Construir | House |
| 0:52 | Construir | Town Center |
| 2:40 | Crear | Villager (Male) ×4 |
| 3:26 | Crear | Villager (Male) |
| 3:53 | Crear | Villager (Male) |
| 4:21 | Crear | Villager (Male) |
| 4:27 | Crear | Villager (Male) |
| 4:27 | Crear | Villager (Male) |
| 4:43 | Construir | House |
| 4:59 | Construir | Lumber Camp |
| 5:05 | Crear | Villager (Male) |
| 5:28 | Crear | Villager (Male) |
| 5:42 | Crear | Villager (Male) |
| 5:42 | Crear | Villager (Male) |
| 6:16 | Construir | House |
| 6:28 | Construir | House |
| 6:31 | Construir | Palisade Wall |
| 6:49 | Construir | House |
| 6:52 | Crear | Villager (Male) |
| 7:05 | Crear | Villager (Male) |
| 7:11 | Construir | House |
| 8:04 | Crear | Villager (Male) |
| 8:06 | Investigar | Loom |
| 8:11 | Construir | Mill |
| 9:11 | Investigar | Feudal Age |
| 9:51 | Construir | Barracks |
| 10:34 | Construir | House |
| 10:55 | Crear | Villager (Male) |
| 11:06 | Construir | Palisade Wall |
| 11:21 | Edad | Edad Feudal |
| 11:23 | Construir | Stable |
| 11:25 | Construir | Palisade Wall |
| 11:31 | Investigar | Double-Bit Axe |
| 11:41 | Crear | Villager (Male) |
| 12:05 | Crear | Scout Cavalry |
| 12:05 | Crear | Scout Cavalry |
| 12:06 | Crear | Scout Cavalry |
| 12:07 | Crear | Villager (Male) |
| 12:23 | Construir | Lumber Camp |
| 12:34 | Crear | Villager (Male) |
| 12:54 | Crear | Villager (Male) |
| 13:00 | Construir | House |
| 13:01 | Construir | Palisade Wall |
| 13:31 | Crear | Villager (Male) |
| 13:36 | Crear | Scout Cavalry |
| 13:36 | Crear | Scout Cavalry |
| 13:42 | Construir | House |
| 13:43 | Construir | Palisade Wall |
| 14:00 | Construir | Farm |
| 14:01 | Crear | Villager (Male) |
| 14:03 | Construir | Farm |
| 14:29 | Crear | Villager (Male) |
| 14:42 | Construir | Palisade Wall |
| 14:49 | Construir | Palisade Wall |
| 15:09 | Crear | Villager (Male) |
| 15:17 | Crear | Villager (Male) |
| 15:22 | Crear | Villager (Male) |
| 15:26 | Construir | Farm |
| 15:45 | Crear | Villager (Male) |
| 15:48 | Construir | House |
| 16:06 | Crear | Villager (Male) |
| 16:11 | Crear | Villager (Male) |
| 16:12 | Construir | Farm |
| 16:13 | Construir | Farm |
| 16:13 | Construir | Farm |
| 16:21 | Crear | Villager (Male) |
| 16:30 | Construir | Mining Camp |
| 16:34 | Crear | Scout Cavalry |
| 16:36 | Construir | Market |
| 16:44 | Construir | Farm |
| 16:53 | Crear | Villager (Male) |
| 17:15 | Crear | Villager (Male) |
| 17:18 | Construir | Farm |
| 17:33 | Crear | Scout Cavalry |
| 17:59 | Construir | Palisade Wall |
| 18:00 | Construir | Palisade Wall |
| 18:01 | Construir | Palisade Wall |
| 18:02 | Construir | Palisade Wall |
| 18:07 | Construir | Archery Range |
| 18:13 | Construir | Archery Range |
| 18:13 | Crear | Villager (Male) |
| 18:22 | Crear | Villager (Male) |
| 18:30 | Construir | Archery Range |
| 19:08 | Crear | Skirmisher |
| 19:08 | Crear | Skirmisher |
| 19:10 | Construir | House |
| 19:10 | Construir | Palisade Wall |
| 19:24 | Crear | Skirmisher |
| 19:44 | Construir | Palisade Wall |
| 19:51 | Crear | Villager (Male) |
| 19:59 | Construir | Market |
| 20:20 | Construir | Farm |
| 20:21 | Crear | Villager (Male) |
| 20:41 | Construir | Farm |
| 20:42 | Crear | Villager (Male) |
| 21:24 | Crear | Skirmisher |
| 21:25 | Crear | Skirmisher |
| 21:45 | Crear | Villager (Male) |
| 21:53 | Construir | Mining Camp |
| 21:55 | Investigar | Castle Age |
| 22:31 | Crear | Villager (Male) |
| 22:33 | Construir | Blacksmith |
| 22:57 | Construir | Palisade Wall |
| 22:58 | Construir | Palisade Wall |
| 22:59 | Construir | Palisade Wall |
| 23:02 | Crear | Skirmisher |
| 23:02 | Crear | Skirmisher |
| 23:10 | Investigar | Fletching |
| 23:51 | Investigar | Padded Archer Armor |
| 24:16 | Construir | Farm |
| 24:17 | Construir | Farm |
| 24:30 | Crear | Skirmisher |
| 24:50 | Edad | Edad de los Castillos |
| 24:56 | Investigar | Bodkin Arrow |
| 25:03 | Crear | Skirmisher |
| 25:11 | Crear | Skirmisher |
| 25:11 | Crear | Skirmisher |
| 25:25 | Investigar | Elite Skirmisher (upgrade) |
| 25:29 | Construir | Farm |
| 26:24 | Crear | Skirmisher |
| 26:24 | Crear | Skirmisher |
| 26:30 | Crear | Skirmisher |
| 26:31 | Crear | Skirmisher |
| 26:54 | Crear | Villager (Male) |
| 27:02 | Construir | Palisade Wall |
| 27:19 | Crear | Villager (Male) |
| 27:54 | Crear | Villager (Male) |
| 27:55 | Crear | Skirmisher |
| 27:55 | Crear | Skirmisher |
| 28:10 | Crear | Villager (Male) |
| 28:17 | Crear | Villager (Male) |
| 29:01 | Crear | Villager (Male) |
| 29:09 | Crear | Villager (Male) |
| 29:29 | Construir | Town Center |
| 29:34 | Crear | Villager (Male) |
| 29:48 | Construir | Palisade Wall |
| 29:48 | Construir | Palisade Wall |
| 29:49 | Construir | Palisade Wall |
| 30:20 | Crear | Villager (Male) |
| 30:25 | Crear | Villager (Male) |
| 30:30 | Construir | Farm |
| 30:38 | Construir | Palisade Wall |
| 30:38 | Construir | Palisade Wall |
| 30:47 | Construir | Farm |
| 30:53 | Crear | Villager (Male) |
| 30:56 | Construir | Farm |
| 30:58 | Crear | Villager (Male) |
| 31:08 | Construir | University |
| 31:34 | Crear | Villager (Male) |
| 32:32 | Crear | Villager (Male) |
Build order — [GDL] Botsito Industrial
Primeras 150 de 406 acciones detectadas
| 0:14 | Construir | Town Center |
| 2:02 | Construir | House |
| 2:31 | Crear | Villager (Male) |
| 2:31 | Crear | Villager (Male) |
| 2:31 | Crear | Villager (Male) |
| 2:35 | Crear | Villager (Male) |
| 3:55 | Crear | Villager (Male) |
| 3:55 | Crear | Villager (Male) |
| 4:25 | Crear | Villager (Male) |
| 4:28 | Construir | Lumber Camp |
| 4:35 | Construir | House |
| 4:41 | Crear | Villager (Male) |
| 4:42 | Crear | Villager (Male) |
| 5:27 | Crear | Villager (Male) |
| 5:27 | Crear | Villager (Male) |
| 6:00 | Construir | House |
| 6:06 | Crear | Villager (Male) |
| 6:06 | Crear | Villager (Male) |
| 6:43 | Construir | House |
| 7:14 | Crear | Villager (Male) |
| 7:15 | Crear | Villager (Male) |
| 7:31 | Crear | Villager (Male) |
| 7:47 | Crear | Villager (Male) |
| 7:49 | Crear | Villager (Male) |
| 7:49 | Crear | Villager (Male) |
| 7:59 | Construir | Mill |
| 8:17 | Construir | House |
| 8:19 | Crear | Villager (Male) |
| 8:22 | Crear | Villager (Male) |
| 8:28 | Crear | Villager (Male) |
| 8:34 | Crear | Villager (Male) |
| 8:42 | Crear | Villager (Male) |
| 8:46 | Construir | House |
| 8:58 | Crear | Villager (Male) |
| 9:02 | Construir | House |
| 9:09 | Construir | Palisade Wall |
| 9:10 | Crear | Villager (Male) |
| 9:14 | Construir | House |
| 9:17 | Crear | Villager (Male) |
| 9:26 | Construir | Palisade Wall |
| 9:32 | Construir | House |
| 9:38 | Crear | Villager (Male) |
| 9:42 | Construir | Mining Camp |
| 9:54 | Crear | Villager (Male) |
| 10:00 | Construir | Palisade Wall |
| 10:02 | Crear | Villager (Male) |
| 10:06 | Crear | Villager (Male) |
| 10:18 | Investigar | Loom |
| 10:50 | Construir | Palisade Wall |
| 11:00 | Investigar | Feudal Age |
| 11:33 | Construir | House |
| 11:53 | Construir | House |
| 12:11 | Construir | House |
| 12:38 | Construir | Palisade Wall |
| 12:57 | Construir | Palisade Wall |
| 13:00 | Construir | Palisade Wall |
| 13:01 | Construir | Palisade Wall |
| 13:02 | Construir | Palisade Wall |
| 13:14 | Construir | Palisade Wall |
| 13:17 | Construir | Palisade Wall |
| 13:27 | Edad | Edad Feudal |
| 13:37 | Construir | Market |
| 13:48 | Construir | Blacksmith |
| 13:52 | Construir | Palisade Wall |
| 13:53 | Construir | Palisade Wall |
| 13:55 | Construir | Palisade Wall |
| 14:04 | Crear | Villager (Male) |
| 14:11 | Construir | Palisade Wall |
| 14:22 | Construir | Mining Camp |
| 14:42 | Investigar | Castle Age |
| 15:26 | Crear | Villager (Male) |
| 15:39 | Construir | Palisade Wall |
| 15:44 | Crear | Villager (Male) |
| 16:15 | Crear | Villager (Male) |
| 17:07 | Crear | Villager (Male) |
| 17:09 | Crear | Villager (Male) |
| 17:22 | Edad | Edad de los Castillos |
| 17:30 | Crear | Villager (Male) |
| 17:44 | Crear | Villager (Male) |
| 17:51 | Crear | Villager (Male) |
| 18:04 | Construir | Castle |
| 18:06 | Crear | Villager (Male) |
| 18:12 | Investigar | Double-Bit Axe |
| 18:15 | Investigar | Horse Collar |
| 18:18 | Crear | Villager (Male) |
| 18:21 | Crear | Villager (Male) |
| 18:25 | Crear | Villager (Male) |
| 18:48 | Crear | Villager (Male) |
| 19:03 | Crear | Conquistador |
| 19:15 | Construir | Farm |
| 19:15 | Construir | Farm |
| 19:16 | Construir | Farm |
| 19:23 | Crear | Conquistador |
| 19:32 | Construir | Farm |
| 19:34 | Crear | Villager (Male) |
| 19:41 | Crear | Villager (Male) |
| 19:53 | Crear | Conquistador |
| 20:08 | Crear | Villager (Male) |
| 20:26 | Construir | Farm |
| 20:29 | Construir | Farm |
| 20:33 | Crear | Villager (Male) |
| 20:40 | Construir | Farm |
| 20:52 | Construir | Farm |
| 20:53 | Construir | Farm |
| 20:54 | Crear | Villager (Male) |
| 21:09 | Crear | Villager (Male) |
| 21:21 | Crear | Conquistador |
| 21:30 | Crear | Villager (Male) |
| 21:40 | Crear | Villager (Male) |
| 22:03 | Crear | Villager (Male) |
| 22:15 | Crear | Conquistador |
| 22:28 | Crear | Villager (Male) |
| 22:32 | Construir | Town Center |
| 22:39 | Crear | Conquistador |
| 22:43 | Crear | Villager (Male) |
| 22:43 | Crear | Villager (Male) |
| 23:05 | Crear | Villager (Male) |
| 23:11 | Crear | Conquistador |
| 23:28 | Crear | Villager (Male) |
| 23:49 | Crear | Villager (Male) |
| 23:53 | Crear | Villager (Male) |
| 24:03 | Crear | Villager (Male) |
| 24:05 | Crear | Villager (Male) |
| 24:15 | Construir | Town Center |
| 24:16 | Crear | Villager (Male) |
| 24:42 | Crear | Villager (Male) |
| 25:03 | Crear | Villager (Male) |
| 25:09 | Crear | Villager (Male) |
| 25:14 | Construir | Farm |
| 25:14 | Construir | Farm |
| 25:15 | Construir | Farm |
| 25:15 | Crear | Villager (Male) |
| 25:28 | Crear | Villager (Male) |
| 25:33 | Construir | Lumber Camp |
| 25:49 | Construir | Farm |
| 25:51 | Crear | Villager (Male) |
| 25:53 | Crear | Villager (Male) |
| 25:58 | Construir | Mill |
| 25:59 | Construir | Farm |
| 25:59 | Construir | Farm |
| 26:00 | Construir | Farm |
| 26:00 | Construir | Farm |
| 26:00 | Construir | Farm |
| 26:01 | Crear | Villager (Male) |
| 26:01 | Crear | Villager (Male) |
| 26:13 | Construir | Farm |
| 26:14 | Construir | Farm |
| 26:20 | Crear | Villager (Male) |
| 26:23 | Crear | Villager (Male) |
| 26:23 | Crear | Villager (Male) |
Cronología de la partida
| 0:51 | [GDL] ANCHO · wall_segment Palisade Wall x1 |
| 5:15 | Celtinho V · wall_segment Palisade Wall x1 |
| 6:31 | VENÓN | El Claut_One · wall_segment Palisade Wall x1 |
| 6:33 | Celtinho V · wall_segment Palisade Wall x1 |
| 6:40 | Celtinho V · wall_segment Palisade Wall x1 |
| 6:45 | Celtinho V · wall_segment Palisade Wall x1 |
| 6:49 | Celtinho V · wall_segment Palisade Wall x1 |
| 6:52 | Celtinho V · wall_segment Palisade Wall x1 |
| 9:09 | [GDL] Botsito Industrial · wall_segment Palisade Wall x1 |
| 9:16 | TheFaceless23 · wall_segment Palisade Wall x5 |
| 9:26 | [GDL] Botsito Industrial · wall_segment Palisade Wall x4 |
| 9:30 | [GDL] ANCHO · wall_segment Palisade Wall x1 |
| 9:31 | [GDL] ANCHO · wall_segment Palisade Wall x1 |
| 9:34 | TheFaceless23 · wall_segment Palisade Wall x1 |
| 9:47 | TheFaceless23 · wall_segment Palisade Wall x1 |
| 9:51 | VENÓN | El Claut_One · first_building Barracks |
| 10:00 | [GDL] Botsito Industrial · wall_segment Palisade Wall x6 |
| 10:16 | [GDL] ANCHO · first_building Barracks |
| 10:30 | Celtinho V · first_building Barracks |
| 10:39 | [GDL] ANCHO · age_up feudal |
| 10:50 | [GDL] Botsito Industrial · wall_segment Palisade Wall x14 |
| 10:54 | Celtinho V · age_up feudal |
| 11:02 | [GDL] ANCHO · first_building Archery Range |
| 11:06 | VENÓN | El Claut_One · wall_segment Palisade Wall x1 |
| 11:15 | TheFaceless23 · wall_segment Palisade Wall x8 |
| 11:20 | TheFaceless23 · wall_segment Palisade Wall x7 |
| 11:21 | VENÓN | El Claut_One · age_up feudal |
| 11:23 | VENÓN | El Claut_One · first_building Stable |
| 11:25 | VENÓN | El Claut_One · wall_segment Palisade Wall x1 |
| 11:36 | Celtinho V · first_building Archery Range |
| 11:59 | Celtinho V · wall_segment Palisade Wall x3 |
| 12:10 | Celtinho V · wall_segment Palisade Wall x6 |
| 12:19 | VENÓN | MX · wall_segment Palisade Wall x1 |
| 12:22 | VENÓN | MX · wall_segment Palisade Wall x10 |
| 12:36 | TheFaceless23 · first_building Barracks |
| 12:38 | VENÓN | MX · wall_segment Palisade Wall x4 |
| 12:38 | [GDL] Botsito Industrial · wall_segment Palisade Wall x7 |
| 12:51 | Celtinho V · wall_segment Palisade Wall x9 |
| 12:52 | Celtinho V · wall_segment Palisade Wall x5 |
| 12:53 | Celtinho V · wall_segment Palisade Wall x1 |
| 12:57 | [GDL] Botsito Industrial · wall_segment Palisade Wall x4 |
| 12:59 | TheFaceless23 · age_up feudal |
| 13:00 | [GDL] Botsito Industrial · wall_segment Palisade Wall x1 |
| 13:01 | VENÓN | MX · wall_segment Palisade Wall x9 |
| 13:01 | [GDL] Botsito Industrial · wall_segment Palisade Wall x1 |
| 13:01 | VENÓN | El Claut_One · wall_segment Palisade Wall x1 |
| 13:02 | [GDL] Botsito Industrial · wall_segment Palisade Wall x1 |
| 13:08 | TheFaceless23 · wall_segment Stone Wall x8 |
| 13:09 | TheFaceless23 · wall_segment Stone Wall x2 |
| 13:14 | [GDL] Botsito Industrial · wall_segment Palisade Wall x6 |
| 13:17 | [GDL] Botsito Industrial · wall_segment Palisade Wall x10 |
| 13:27 | VENÓN | MX · age_up feudal |
| 13:27 | [GDL] Botsito Industrial · age_up feudal |
| 13:42 | VENÓN | MX · wall_segment Palisade Wall x3 |
| 13:43 | VENÓN | El Claut_One · wall_segment Palisade Wall x9 |
| 13:45 | VENÓN | MX · wall_segment Palisade Wall x8 |
| 13:52 | [GDL] Botsito Industrial · wall_segment Palisade Wall x1 |
| 13:53 | [GDL] Botsito Industrial · wall_segment Palisade Wall x1 |
| 13:55 | [GDL] Botsito Industrial · wall_segment Palisade Wall x1 |
| 14:11 | [GDL] Botsito Industrial · wall_segment Palisade Wall x3 |
| 14:42 | VENÓN | El Claut_One · wall_segment Palisade Wall x7 |
| 14:49 | VENÓN | El Claut_One · wall_segment Palisade Wall x17 |
| 15:09 | TheFaceless23 · first_building Archery Range |
| 15:39 | [GDL] Botsito Industrial · wall_segment Palisade Wall x1 |
| 16:08 | VENÓN | MX · wall_segment Palisade Wall x17 |
| 17:07 | VENÓN | MX · age_up castle |
| 17:22 | [GDL] Botsito Industrial · age_up castle |
| 17:24 | TheFaceless23 · wall_segment Palisade Wall x1 |
| 17:25 | TheFaceless23 · wall_segment Palisade Wall x1 |
| 17:27 | TheFaceless23 · wall_segment Palisade Wall x2 |
| 17:59 | VENÓN | El Claut_One · wall_segment Palisade Wall x1 |
| 18:00 | VENÓN | El Claut_One · wall_segment Palisade Wall x1 |
| 18:01 | VENÓN | El Claut_One · wall_segment Palisade Wall x1 |
| 18:02 | VENÓN | El Claut_One · wall_segment Palisade Wall x1 |
| 18:04 | [GDL] Botsito Industrial · first_building Castle |
| 18:07 | VENÓN | El Claut_One · first_building Archery Range |
| 18:30 | TheFaceless23 · wall_segment Palisade Wall x5 |
| 18:53 | Celtinho V · first_market_buy 100 food |
| 18:53 | Celtinho V · first_market_sell 500 wood |
| 19:05 | VENÓN | MX · wall_segment Palisade Wall x11 |
| 19:10 | VENÓN | El Claut_One · wall_segment Palisade Wall x1 |
| 19:11 | VENÓN | MX · first_market_buy 100 food |
| 19:41 | TheFaceless23 · wall_segment Palisade Wall x3 |
| 19:44 | VENÓN | El Claut_One · wall_segment Palisade Wall x15 |
| 21:07 | VENÓN | El Claut_One · first_market_sell 100 wood |
| 21:08 | VENÓN | El Claut_One · first_market_buy 100 food |
| 21:45 | Celtinho V · age_up castle |
| 22:32 | VENÓN | MX · first_building Siege Workshop |
| 22:47 | TheFaceless23 · first_market_buy 100 food |
| 22:49 | [GDL] ANCHO · first_market_sell 100 wood |
| 22:50 | [GDL] ANCHO · first_market_buy 100 food |
| 22:52 | TheFaceless23 · first_market_sell 100 stone |
| 22:57 | VENÓN | El Claut_One · wall_segment Palisade Wall x2 |
| 22:58 | VENÓN | El Claut_One · wall_segment Palisade Wall x1 |
| 22:59 | VENÓN | El Claut_One · wall_segment Palisade Wall x1 |
| 23:12 | TheFaceless23 · wall_segment Stone Wall x1 |
| 24:50 | VENÓN | El Claut_One · age_up castle |
| 25:18 | VENÓN | MX · first_building Castle |
| 25:32 | TheFaceless23 · age_up castle |
| 26:11 | TheFaceless23 · first_building Castle |
| 26:39 | [GDL] ANCHO · age_up castle |
| 26:43 | [GDL] ANCHO · first_building Castle |
| 26:59 | VENÓN | MX · first_building Monastery |
| 27:02 | VENÓN | El Claut_One · wall_segment Palisade Wall x1 |
| 27:50 | VENÓN | MX · wall_segment Stone Wall x1 |
| 27:52 | [GDL] ANCHO · first_building Siege Workshop |
| 28:15 | TheFaceless23 · first_building Siege Workshop |
| 28:52 | TheFaceless23 · wall_segment Palisade Wall x1 |
| 28:53 | [GDL] Botsito Industrial · first_building Monastery |
| 29:37 | Celtinho V · first_building Siege Workshop |
| 29:48 | VENÓN | El Claut_One · wall_segment Palisade Wall x1 |
| 29:48 | VENÓN | El Claut_One · wall_segment Palisade Wall x1 |
| 29:49 | VENÓN | El Claut_One · wall_segment Palisade Wall x1 |
| 29:54 | TheFaceless23 · wall_segment Stone Wall x1 |
| 30:38 | VENÓN | El Claut_One · wall_segment Palisade Wall x1 |
| 30:38 | VENÓN | El Claut_One · wall_segment Palisade Wall x1 |
| 31:00 | VENÓN | MX · wall_segment Stone Wall x1 |
| 31:28 | [GDL] Botsito Industrial · first_building Barracks |
| 32:17 | VENÓN | MX · wall_segment Stone Wall x1 |
| 32:25 | VENÓN | MX · first_market_sell 100 wood |
| 32:32 | [GDL] Botsito Industrial · first_building Stable |
| 33:42 | Celtinho V · age_up imperial |
| 34:16 | [GDL] Botsito Industrial · first_market_sell 100 food |
| 34:36 | VENÓN | MX · wall_segment Stone Wall x1 |
| 35:53 | Celtinho V · first_building Castle |
| 36:03 | VENÓN | MX · age_up imperial |
| 36:20 | Celtinho V · wall_segment Palisade Wall x1 |
| 37:44 | [GDL] Botsito Industrial · age_up imperial |
| 37:46 | Celtinho V · wall_segment Palisade Wall x1 |
| 37:47 | Celtinho V · wall_segment Palisade Wall x1 |
| 41:10 | [GDL] Botsito Industrial · first_building Siege Workshop |
| 42:50 | [GDL] ANCHO · age_up imperial |
| 43:07 | TheFaceless23 · resign |
| 43:13 | Celtinho V · tribute_sent a jugador 2 |
| 43:13 | Celtinho V · tribute_sent a jugador 3 |
| 43:13 | Celtinho V · tribute_sent a jugador 4 |
| 43:13 | Celtinho V · tribute_sent a jugador 5 |
| 43:13 | Celtinho V · tribute_sent a jugador 6 |
[ ANÁLISIS IA · 1 CRÉDITO ]
¿Qué pasó realmente en esta partida?
Wolo.gg analiza cada decisión: build order, eco, micro, errores típicos por bracket. Análisis personalizado por WhatsApp o Discord en 30 segundos.
Guía civ
Coreanos
Perfil
Jugador #21215276